 Dungeon Crawl Stone Soup version 0.14.1-24-gbdbe590 (webtiles) character file.

1139 Psiweapon the Covert (level 7, -2/38 HPs)
             Began as a Spriggan Abyssal Knight on June 29, 2014.
             Was an Elder of Lugonu.
             Shot with an arrow by a centaur (12 damage)
             ... on Level 5 of the Dungeon.
             The game lasted 00:27:37 (6730 turns).

Psiweapon the Covert (Spriggan Abyssal Knight)      Turns: 6730, Time: 00:27:37

HP  -2/38        AC  2     Str  8      XL: 7   Next: 72%
MP  18/18        EV 19     Int 13      God: Lugonu [****..]
Gold 276         SH  0     Dex 18      Spells:  2 memorised,  2 levels left

rFire  + . .     SeeInvis +     x - +2,+1 short sword (elec)
rCold  x . .     Clarity  .     b - +0 robe
rNeg   . . .     Conserve .     (shield restricted)
rPois  .         rCorr    .     (helmet restricted)
rElec  .         rRot     .     (no cloak)
SustAb . .       Spirit   .     (gloves unavailable)
rMut   .         Warding  .     (boots unavailable)
Saprov . . .     Stasis   .     (no amulet)
MR     +....                    K - cursed ring of hunger
                                w - ring of fire

@: very quick, somewhat resistant to hostile enchantments, very stealthy
A: unfitting armour, see invisible, herbivore 3, speed 3, slow metabolism 2
a: Depart the Abyss, Bend Space, Banish, Corrupt, Renounce Religion


You were on level 5 of the Dungeon.
You worshipped Lugonu.
Lugonu was greatly pleased with you.
You were not hungry.

You visited 1 branch of the dungeon, and saw 5 of its levels.
You visited the Abyss 1 time.

You collected 276 gold pieces.

Inventory:

Hand weapons
 o - a +1,+0 vampiric dagger
 s - a +2,+0 dagger of venom
 x - a +2,+1 short sword of electrocution (weapon)
 H - a +0,+0 sling
Missiles
 m - 26 poisoned needles
 r - 14 poisoned bolts
 t - 33 stones
 B - 25 darts
 I - 2 tomahawks (quivered)
 L - 19 bolts
 M - 16 silver bolts
Armour
 b - a +0 robe (worn)
Magical devices
 v - a wand of fire (0)
Comestibles
 h - a bread ration
Scrolls
 a - a scroll of enchant weapon II {unknown}
 e - 2 scrolls of magic mapping
 f - 3 scrolls of identify {unknown}
 g - a scroll of enchant weapon I {unknown}
 i - a scroll of fog {unknown}
 j - 2 scrolls of amnesia {unknown}
 q - 2 scrolls of teleportation {unknown}
 y - a scroll of immolation {unknown}
 C - 2 scrolls of remove curse {unknown}
 E - 2 scrolls of random uselessness {unknown}
Jewellery
 w - a ring of fire (left hand)
 K - a cursed ring of hunger (right hand)
Potions
 c - a potion of porridge
 d - 4 potions of curing
 k - a potion of restore abilities {unknown}
 l - 3 potions of heal wounds {unknown}
 n - a potion of berserk rage {unknown}
 p - 2 potions of lignification {unknown}
 u - a potion of paralysis {unknown}
 z - 3 potions of mutation {unknown}
 F - a potion of poison {unknown}
 G - 2 potions of agility {unknown}
 J - a potion of brilliance {unknown}
Books
 D - a book of Battle

   Spells                             Type                      Level
   *Infusion                          Charms                       1
   Shroud of Golubria                 Charms/Translocation         2
   Song of Slaying                    Charms                       2
   Spectral Weapon                    Hexes/Charms                 3
   *Regeneration                      Charms/Necromancy            3


   Skills:
 + Level 4.4 Fighting
 - Level 4.8 Short Blades
 - Level 3.5 Dodging
 + Level 8.6 Stealth
 - Level 3.3 Invocations


You had 2 spell levels left.
You knew the following spells:

 Your Spells              Type           Power        Failure   Level  Hunger
a - Infusion              Chrm           #.....       30%         1    ##.....
b - Regeneration          Chrm/Necr      #.........   86%         3    ####...


Dungeon Overview and Level Annotations

Branches:
Dungeon (5/15)
 Temple: D:4-7

Altars:

Shops:
D:4 !

Annotations:
D:1 cTele or corruptable vault
D:2 exclusion: upstairs, Terence


Innate Abilities, Weirdness & Mutations

You are tiny and cannot use many weapons and most armour.
You have supernaturally acute eyesight.
You are a herbivore.
You cover ground extremely quickly.
You need consume almost no food.


Message History

You kill the centaur!
Lugonu accepts your kill.
The centaur shoots an arrow.
The arrow hits you!
You see here an arrow.
The centaur shoots an arrow.
The arrow hits you!
* * * LOW HITPOINT WARNING * * *
There is an open door here.
You see here an arrow.
The centaur shoots an arrow.
The arrow misses you.
Drink which item? (? for menu, Esc to quit)
Okay, then.
Drink which item? (? for menu, Esc to quit)
You feel better.
It was a potion of curing.
The centaur shoots an arrow.
The arrow misses you.
You see here an arrow.
The centaur shoots an arrow.
The arrow misses you.
There is a stone staircase leading down here.
You see here an arrow.
The centaur shoots an arrow.
The arrow hits you!
You die...

###### #....#
#....############.#.##
#..................... ##
#.....###########.#.## ..
#...[.# ..........#.# #.
#.....# ########..# # ######.
#.....# # #...#..#
........###.....#.####.#.#..#.#
.......)(((....@..............#
####....###..((##......#.#.##.#
#....###....#########.#.# .#
.......c............###.#.# #
.....§..###########.....#.#
#..... #######.# #.... #.# #§..
#.# . .


You could see a centaur.

Vanquished Creatures
  Grinder (D:3)
  A centaur (D:5)
  An ogre (D:4)
  A phantom (D:5)
  A scorpion (D:4)
  A hound (D:4)
  A black bear skeleton (D:4)
  A worker ant (D:5)
  Ijyb (D:3)
  4 adders
  2 inept feature mimics (D:3)
  5 giant mites (D:3)
  3 worms
  An adder skeleton (D:4)
  A giant eyeball (D:4)
  10 orcs
  A ball python (D:3)
  12 goblins
  9 hobgoblins
  7 jackals
  11 bats
  10 giant cockroaches
  6 giant geckos
  A goblin skeleton (D:4)
  9 kobolds
  3 quokkas
  8 rats
112 creatures vanquished.

Notes
Turn   | Place    | Note
--------------------------------------------------------------
     0 | Abyss:1  | Psiweapon, the Spriggan Abyssal Knight, began the quest for the Orb.
     0 | Abyss:1  | Reached XP level 1. HP: 11/11 MP: 2/2
    88 | Abyss:1  | Noticed a large abomination
    89 | D:1      | Escaped the Abyss
   136 | D:1      | Acquired Lugonu's first power
   583 | D:1      | Reached skill level 1 in Stealth
   704 | D:1      | Reached XP level 2. HP: 11/16 MP: 4/4
  1343 | D:2      | Noticed Terence
  1498 | D:2      | Acquired Lugonu's second power
  1514 | D:2      | Reached XP level 3. HP: 19/19 MP: 6/6
  2547 | D:1      | Reached skill level 4 in Stealth
  2750 | D:3      | Reached XP level 4. HP: 13/23 MP: 9/9
  3229 | D:3      | Noticed Ijyb
  3518 | D:3      | Noticed Grinder
  3526 | D:3      | Killed Grinder
  3526 | D:3      | Reached skill level 5 in Stealth
  3526 | D:3      | Reached XP level 5. HP: 21/27 MP: 10/13
  3526 | D:3      | Reached XP level 6. HP: 24/32 MP: 12/16
  3617 | D:3      | Acquired Lugonu's third power
  3658 | D:3      | Learned a level 1 spell: Infusion
  3662 | D:3      | Learned a level 3 spell: Regeneration
  4637 | D:3      | Killed Ijyb
  4859 | D:4      | Reached skill level 6 in Stealth
  5215 | D:4      | Found Plog's Distillery.
  5339 | D:4      | Acquired Lugonu's fourth power
  5505 | D:1      | Corrupted D:1
  5505 | D:1      | Noticed a smoke demon
  5862 | D:3      | Reached XP level 7. HP: 25/36 MP: 18/18
  6071 | D:4      | Reached skill level 7 in Stealth
  6278 | D:4      | Paralysed by a giant eyeball for 4 turns
  6285 | D:4      | Paralysed by a giant eyeball for 4 turns
  6486 | D:5      | Entered Level 5 of the Dungeon
  6590 | D:5      | Reached skill level 8 in Stealth
  6730 | D:5      | Shot with an arrow by a centaur

Action                   |  1- 3 |  4- 6 |  7- 9 || total
-------------------------+-------+-------+-------++-------
Melee: Short sword       |   168 |   132 |     6 ||   306
       Dagger            |       |       |    45 ||    45
Throw: Dart              |     4 |     5 |       ||     9
       Stone             |       |     3 |       ||     3
       Tomahawk          |       |     2 |       ||     2
 Cast: Infusion          |       |     2 |       ||     2
Invok: Depart the Abyss  |     1 |       |       ||     1
       Bend Space        |       |     1 |       ||     1
       Corrupt           |       |     1 |       ||     1
  Use: Scroll            |       |     1 |       ||     1
       Potion            |       |       |     1 ||     1
 Stab: Sleeping          |     4 |    12 |     7 ||    23
       Distracted        |       |     2 |       ||     2
